 Dungeon Crawl Stone Soup version 0.31-a0-198-g2ad674f65e (webtiles) character file.

Game seed: 11933316379039461260

63 qw the Shooter (level 3, -3/20 HPs)
             Began as a Deep Elf Hunter on June 25, 2023.
             Slain by a gnoll
             ... wielding a +0 spear
              (6 damage)
             ... on level 2 of the Dungeon.
             The game lasted 00:00:23 (717 turns).

qw the Shooter (Deep Elf Hunter)                     Turns: 717, Time: 00:00:23

Health: -3/20      AC:  5    Str: 10    XL:     3   Next: 87%
Magic:  5/5        EV: 13    Int: 13    God:
Gold:   71         SH:  0    Dex: 24    Spells: 2/2 levels left

rFire   . . .        Y - +0 shortbow
rCold   . . .        (shield currently unavailable)
rNeg    . . .        c - +0 leather armour
rPois   .            (no helmet)
rElec   .            j - +0 cloak
rCorr   .            f - +0 pair of gloves
SInv    .            (no boots)
Will    .....        (no amulet)
Stlth   ++           i - +6 ring of dexterity
HPRegen 0.23/turn    (no ring)
MPRegen 0.09/turn

%: no passive effects
@: about to teleport
A: no striking features
a: no special abilities


You were on level 2 of the Dungeon.
You visited 1 branch of the dungeon, and saw 2 of its levels.

You collected 71 gold pieces.


   Skills:
 - Level 1.5 Fighting
 - Level 7.1 Ranged Weapons
 + Level 2.8 Dodging
 - Level 1.2 Stealth


You had 2 spell levels left.
You didn't know any spells.
Your spell library was empty.

Inventory:

Hand Weapons
 Y - a +0 shortbow (weapon)
Armour
 c - a +0 leather armour (worn)
 f - a +0 pair of gloves (worn)
 j - a +0 cloak (worn)
 k - a +0 scale mail
Jewellery
 i - a +6 ring of dexterity (left hand)
Scrolls
 a - 3 scrolls of teleportation
 b - a scroll of noise {unknown}
 h - a scroll of immolation {unknown}
Potions
 d - a potion of might {unknown}
 e - a potion of haste {unknown}
 g - a potion of resistance {unknown}

Dungeon Overview and Level Annotations

Branches:
Dungeon (2/15)

Altars:
Hepliaklqana


Message History

An adder comes into view.
You shoot an arrow. The adder hisses angrily.
The arrow hits the adder.
The adder is lightly wounded.
You hear a shout!
You shoot an arrow. The arrow misses the adder.
A gnoll comes into view. It is wielding a +0 spear.
You shoot an arrow. The arrow hits the gnoll!
The gnoll is severely wounded.
You shoot an arrow. The arrow hits the adder.
The adder is heavily wounded.
The adder bites you.
You are poisoned.
The adder poisons you!
You shoot an arrow. The arrow closely misses the adder.
You feel sick. The adder barely misses you.
You shoot an arrow. The arrow hits the adder.
The adder is almost dead.
You feel sick. The adder barely misses you. The adder bites you.
You shoot an arrow. The arrow closely misses the adder.
You feel sick. The adder barely misses you.
A gnoll comes into view.
It is wielding a +1 whip of electrocution.
You shoot an arrow. The arrow closely misses the adder.
The gnoll shouts!
You feel sick. The adder barely misses you. The adder completely misses you.
The gnoll closely misses you.
You shoot an arrow. The arrow closely misses the adder.
You feel sick.
A giant cockroach comes into view.
The adder barely misses you.
The gnoll hits you from afar with a +0 spear.
717 ||| READING 4 scrolls of teleportation.
As you read the scroll of teleportation, it crumbles to dust.
You feel strangely unstable.
You feel sick.
You are no longer poisoned.
The adder bites you but does no damage.
The gnoll hits you from afar with a +0 spear.
You die...

#.......#####.###......_..
#.....### #...^.........
#.....# #####...#.....
###...## #.#......# ###..#
#.## #.#.. ##.## #. ...#
#..## .#.# ##..## ##.@#
##.Sg..%.! ...)..gB.
####..#... #...>. .### #


You could see 2 gnolls, an adder and a giant cockroach (wandering).

Vanquished Creatures
  2 gnolls (D:2)
  A worm (D:2)
  A dart slug (D:1)
  2 endoplasms (D:1)
  3 giant cockroaches
  6 goblins (D:1)
  2 hobgoblins
  5 kobolds (D:1)
  8 ball pythons
  6 bats
  A rat (D:1)
37 creatures vanquished.

Notes
Turn   | Place    | Note
-------+----------+-------------------------------------------
     0 | D:1      | qw the Deep Elf Hunter began the quest for the Orb.
     0 | D:1      | Reached XP level 1. HP: 12/12 MP: 3/3
     0 | D:1      | 0 ||| qw: Version: 0.3-a-22-g0ed2b0b
     0 | D:1      | 0 ||| qw: Game counter: 5049
     0 | D:1      | 0 ||| qw: Melee chars always use a shield: true
     0 | D:1      | 0 ||| qw: God list: Okawaru
     0 | D:1      | 0 ||| qw: Allow faded altars: false
     0 | D:1      | 0 ||| qw: Do Orc after clearing Dungeon:15 true
     0 | D:1      | 0 ||| qw: Do second Lair branch before Depths: true
     0 | D:1      | 0 ||| qw: Lair rune preference: random
     0 | D:1      | 0 ||| qw: Goals: Normal
     0 | D:1      | 0 ||| PLANNING D:1-11
    55 | D:1      | Found Naulumaj's Antique Weapon Emporium.
   139 | D:1      | Reached XP level 2. HP: 16/16 MP: 4/4
   144 | D:1      | Reached skill level 6 in Ranged Weapons
   485 | D:1      | Found a faded altar of an unknown god.
   528 | D:1      | Reached XP level 3. HP: 20/20 MP: 5/5
   570 | D:1      | 570 ||| UPGRADING to +0 pair of gloves.
   575 | D:1      | 575 ||| UPGRADING to +0 cloak.
   580 | D:1      | 580 ||| UPGRADING to +6 ring of dexterity.
   581 | D:1      | 581 ||| READING 3 scrolls labelled ECOOSEERO.
   585 | D:1      | 585 ||| DROPPING scroll of butterflies.
   596 | D:2      | Found a hazy altar of Hepliaklqana.
   704 | D:2      | Reached skill level 7 in Ranged Weapons
   716 | D:2      | HP: 4/20 [gnoll/+0 spear (6)]
   717 | D:2      | 717 ||| READING 4 scrolls of teleportation.
   717 | D:2      | Slain by a gnoll

Levels and vault maps discovered:
D:1:      dpeg_arrival_arbitrary_a, layout_basic, serial_shops, shop,
          shapermc_ecumenical_altar_rom_forum, minmay_misc_feat_columns
D:2:      layout_rooms, serial_shops, nicolae_shop_tiny_real_fake_doors,
          basic_altar

Skill      XL: |  1  2  3 |
---------------+----------+-----
Ranged Weapons | 6 7 |  7.1
Fighting       | |  1.5
Dodging        | |  2.8
Stealth        | |  1.2

Action                     || total
---------------------------++-------
   Fire: Shortbow          ||    93
    Use: Scroll            ||     2
 Armour: Leather armour    ||     2
  Dodge: Dodged            ||    18

Table legend:
 A = Non-vault XP
 B = Vault XP
 C = Vault XP percentage of total XP
 D = Non-vault monster count
 E = Vault monster count
 F = Vault count percentage of total count
                 A         B        C        D         E       F
            +---------+---------+-------+---------+---------+-------
      Total |      90 |       0 |   0.0 |      37 |       0 |   0.0
            +---------+---------+-------+---------+---------+-------
        D:1 |      46 |       0 |   0.0 |      27 |       0 |   0.0
        D:2 |      44 |       0 |   0.0 |      10 |       0 |   0.0
            +---------+---------+-------+---------+---------+-------
